 Dungeon Crawl Stone Soup version 0.20.0-15-g7f486f2 (webtiles) character file.

194 Loootie the Shield-Bearer (level 5, 0/52 HPs)
             Began as a Troll Fighter on June 13, 2017.
             Killed by nerve-wracking pain
             ... invoked by Grinder
              (1 damage)
             ... on level 3 of the Dungeon.
             The game lasted 00:27:39 (2689 turns).

Loootie the Shield-Bearer (Troll Fighter)           Turns: 2689, Time: 00:27:40

Health: 0/52       AC:  5    Str: 25    XL:     5   Next: 44%
Magic:  4/4        EV:  9    Int:  4    God:
Gold:   140        SH:  9    Dex:  9    Spells: 4/4 levels left

rFire    . . .     SeeInvis .   a - +0 flail
rCold    . . .     Gourm    +   c - +0 shield
rNeg     . . .     Faith    .   b - +0 robe
rPois    .         Spirit   .   (helmet restricted)
rElec    .         Reflect  .   (no cloak)
rCorr    .         Harm     .   (gloves unavailable)
MR       .....                  (boots unavailable)
Stlth    +.........             (no amulet)
Regen    0.6/turn               (no ring)
MPRegen  0.1/turn               (no ring)

@: no status effects
A: unfitting armour, claws 3, fast metabolism 3, gourmand, regeneration 1,
shaggy fur 1, tough skin 2
a: no special abilities


You were on level 3 of the Dungeon.
You were completely stuffed.

You visited 1 branch of the dungeon, and saw 3 of its levels.

You collected 140 gold pieces.

Inventory:

Hand Weapons
 a - a +0 flail (weapon)
 j - a cursed -2 club
 k - a +0 mace
 l - a +0 dagger of distortion
 n - a +0 whip
 r - a +0 hunting sling
 v - a +0 club
 F - a +0 hunting sling
 G - a +0 great mace of protection
Missiles
 e - 19 stones (quivered)
 h - 21 poisoned needles
 t - 31 bolts
 u - 12 arrows
Armour
 b - a +0 robe (worn)
 c - a +0 shield (worn)
 o - a +0 robe
 p - a +0 helmet
 y - a +0 pair of gloves
 D - a +0 ring mail
 I - a +0 buckler
Jewellery
 E - a cursed ring of teleportation {unknown}
Wands
 H - a wand of polymorph (5/24)
Scrolls
 g - 2 scrolls of noise {unknown}
 i - a scroll of identify {unknown}
 w - a scroll of magic mapping {unknown}
Potions
 d - 2 potions of might
 s - 2 potions of mutation {unknown}
 x - a potion of berserk rage {unknown}
 z - a potion of cancellation {unknown}
 A - a potion of brilliance {unknown}
 C - a potion of heal wounds {unknown}
Comestibles
 f - 3 bread rations
 m - 2 royal jellies
 q - 2 meat rations
 B - a chunk of flesh


   Skills:
 + Level 2.9 Fighting
 + Level 3.2 Maces & Flails
 + Level 3.2 Dodging
 + Level 3.3 Shields
 + Level 0.6 Unarmed Combat


You had 4 spell levels left.
You didn't know any spells.

Dungeon Overview and Level Annotations

Branches:
Dungeon (3/15)

Altars:

Annotations:
D:3 Grinder


Innate Abilities, Weirdness & Mutations

You are too large for most types of armour.
You have claws for hands.
Your metabolism is lightning-fast.
You like to eat raw meat.
Your natural rate of healing is unusually fast.
You are covered in fur. (AC +1)
You have very tough skin. (AC +2)


Message History

* * * LOW HITPOINT WARNING * * *
You hit Grinder.
Grinder is almost dead.
Grinder gestures at you.
You barely resist. You hit Grinder.
Grinder is almost dead.
Grinder hits you.
* * * LOW HITPOINT WARNING * * *
You writhe in agony.
* * * LOW HITPOINT WARNING * * *
You barely miss Grinder.
Grinder is almost dead.
Grinder hits you.
* * * LOW HITPOINT WARNING * * *
You writhe in agony.
* * * LOW HITPOINT WARNING * * *
Grinder gestures at you. Pain shoots through your body!
You die...

.#####.#.## ####...###
.#####.#.# ##.##
.......#.# #.#
########'## #.# #
##...## #.# ## ##.....##
### #.# .# ##.......##
##.###.#
.###.........####...##.#
...+.........'.5@....#.#
.###.........####...##.#
.####.......## ##.##..#
...###.....## ####<##
.....##...## #.#
.#.#.###'## #.# .#.#.#
#.# #.# .#.#.# #.# #.#
##.#.###.###### #.#


You could see Grinder.

Vanquished Creatures
  An orc priest (D:3)
  Natasha (thrice) (D:3)
  2 adders
  2 dart slugs
  A leopard gecko (D:1)
  4 orcs (D:3)
  A ball python (D:2)
  9 bats
  3 giant cockroaches (D:1)
  6 goblins
  6 hobgoblins
  4 jackals (D:1)
  7 kobolds
  3 quokkas
  4 frilled lizards
  8 rats
  5 bushes (D:1)
  5 plants (D:1)
74 creatures vanquished.

Notes
Turn   | Place    | Note
-------+----------+-------------------------------------------
     0 | D:1      | Loootie the Troll Fighter began the quest for the Orb.
     0 | D:1      | Reached XP level 1. HP: 22/22 MP: 0/0
    42 | D:1      | Reached XP level 2. HP: 3/29 MP: 1/1
   915 | D:1      | Reached XP level 3. HP: 36/36 MP: 2/2
  1995 | D:2      | Reached XP level 4. HP: 35/44 MP: 3/3
  2344 | D:3      | Noticed Natasha
  2353 | D:3      | Killed Natasha
  2450 | D:3      | Reached XP level 5. HP: 46/52 MP: 4/4
  2465 | D:3      | Noticed Natasha
  2470 | D:3      | Killed Natasha
  2494 | D:3      | Noticed Natasha
  2500 | D:3      | Killed Natasha
  2675 | D:3      | Noticed Grinder
  2689 | D:3      | HP: 1/52 [Grinder (5)]
  2689 | D:3      | Killed from afar by Grinder

Skill      XL: |  1  2  3  4 |
---------------+-------------+-----
Maces & Flails | 2 3 |  3.2
Shields        | 3 |  3.3
Dodging        | 3 |  3.2
Fighting       | |  2.9
Unarmed Combat | |  0.6

Action                   |  1- 3 |  4- 6 || total
-------------------------+-------+-------++-------
Melee: Flail             |   556 |    66 ||   622
       Unarmed           |       |    16 ||    16
  Eat: Chunk             |    27 |     7 ||    34
Armor: Robe              |   175 |    14 ||   189
       Skin              |       |     5 ||     5
Dodge: Dodged            |   122 |    39 ||   161
Block: Shield            |   154 |    37 ||   191
